 Dungeon Crawl Stone Soup version 0.31-a0-655-gf2d5465dac (webtiles) character file.

Game seed: 2593353662092869152

18031 Essalna the Fighter (level 12, -18/117 HPs)
             Began as a Black Draconian Conjurer on Aug 30, 2023.
             Was a Priest of Vehumet.
             Demolished by a hell knight
             ... wielding a +4 demon trident of flaming
              (21 damage)
             ... on level 13 of the Dungeon.
             The game lasted 00:40:15 (15987 turns).

Essalna the Fighter (Black Draconian Conjurer)     Turns: 15987, Time: 00:40:16

Health: -18/117    AC: 10    Str: 11    XL:     12   Next: 24%
Magic:  6/22       EV: 22    Int: 23    God:    Vehumet [***...]
Gold:   695        SH: 10    Dex: 12    Spells: 18/25 levels left

rFire   . . .        b - +2 dagger (venom)
rCold   . . .        x - +0 buckler
rNeg    . . .        (body armour unavailable)
rPois   .            (helmet restricted)
rElec   +            o - +0 cloak
rCorr   .            g - +0 pair of gloves
SInv    .            (no boots)
Will    .....        n - amulet "Desoek" {Reflect +Blink Dex+3 SH+5}
Stlth   ++           O - +5 ring of evasion
HPRegen 0.39/turn    m - +5 ring of evasion
MPRegen 0.18/turn

%: reflection
@: no status effects
A: breathe lightning, AC +8, unfitting armour, electricity resistance,
cold-blooded
a: Breathe Lightning, Renounce Religion, Evoke Blink


You were on level 13 of the Dungeon.
You worshipped Vehumet.
Vehumet was most pleased with you.
You visited 3 branches of the dungeon, and saw 15 of its levels.
You visited the Abyss 1 time.
You also visited: Bailey.

You collected 695 gold pieces.

Inventory:

Hand Weapons
 b - a +2 dagger of venom (weapon)
Missiles
 S - 4 datura-tipped darts
Armour
 g - a +0 pair of gloves (worn)
 o - a +0 cloak (worn)
 v - a +0 cloak
 x - a +0 buckler (worn)
Magical Staves
 N - a staff of conjuration
 U - a staff of death
Jewellery
 h - a +6 ring of strength
 m - a +5 ring of evasion (right hand)
 n - the amulet "Desoek" (around neck) {Reflect +Blink Dex+3 SH+5}
   (You found it on level 3 of the Dungeon)

   [amulet of reflection]

   Reflect:   It reflects blocked missile attacks.
   Dex+3:     It affects your dexterity (+3).
   +Blink:    It lets you blink.
   SH+5:      It affects your SH (+5).
 L - a ring of see invisible
 O - a +5 ring of evasion (left hand)
 P - a ring of wizardry
 Y - the ring "Zesmu" {Int+6 SInv}
   (You found it on level 9 of the Dungeon)

   [ring of intelligence]

   Int+6:     It affects your intelligence (+6).
   SInv:      It lets you see invisible.
Wands
 s - a wand of iceblast (28)
 u - a wand of charming (6)
 A - a wand of mindburst (7)
Scrolls
 e - 6 scrolls of identify {unknown}
 f - 2 scrolls of blinking {unknown}
 j - a scroll of silence {unknown}
 k - 2 scrolls of vulnerability
 l - a scroll of fog {unknown}
 p - 2 scrolls of teleportation
 q - a scroll of summoning {unknown}
 y - 3 scrolls of poison {unknown}
 B - a scroll of torment {unknown}
 C - a scroll of enchant weapon {unknown}
 F - a scroll of noise {unknown}
 I - a scroll of fear {unknown}
 J - a scroll of revelation {unknown}
 K - a scroll of brand weapon {unknown}
 V - a scroll of acquirement {unknown}
 X - a scroll of immolation
Potions
 a - a potion of magic
 c - 3 potions of might {unknown}
 d - 5 potions of curing
 i - 2 potions of haste {unknown}
 r - 2 potions of enlightenment {unknown}
 t - 7 potions of heal wounds {unknown}
 w - 3 potions of lignification {unknown}
 z - a potion of ambrosia {unknown}
 D - 4 potions of attraction {unknown}
 E - a potion of berserk rage {unknown}
 G - 4 potions of mutation {unknown}
 H - 4 potions of degeneration {unknown}
 M - 2 potions of invisibility {unknown}
 R - a potion of resistance {unknown}
 W - a potion of cancellation {unknown}
Miscellaneous
 Q - a lightning rod (4/4)
 T - a phantom mirror


   Skills:
 + Level 14.0 Fighting
 + Level 2.9 Dodging
 - Level 1.7 Stealth
 - Level 4.0 Shields
 - Level 7.0 Spellcasting
 - Level 13.0 Conjurations
 + Level 3.6 Fire Magic


You had 18 spell levels left.
You knew the following spells:

 Your Spells              Type           Power      Damage    Failure   Level
a - Magic Dart            Conj           100%       1d8       1%          1
b - Searing Ray           Conj           100%       2d8       1%          2
c - Flame Wave            Conj/Fire      46%        2d12      1%          4

Your spell library contained the following spells:

 Spells                   Type           Power      Damage    Failure   Level
 Volatile Blastmotes      Fire/Tloc      32%        2d12      4%          3
 Momentum Strike          Conj/Tloc      76%        3d10      1%          2
 Dazzling Flash           Conj/Hex       76%        N/A       1%          3
 Hailstorm                Conj/Ice       38%        3d9       1%          3
 Stone Arrow              Conj/Erth      76%        3d11      1%          3
 Sticky Flame             Conj/Fire      46%        2d6       1%          4
 Fulminant Prism          Conj/Hex       19%        3d11      2%          4
 Iskenderun's Mystic Bla  Conj/Tloc      38%        2d9       2%          4
 Freeze                   Ice            32%        1d5       3%          1
 Inner Flame              Hex/Fire       16%        N/A       4%          3
 Frozen Ramparts          Ice            16%        1d3       9%          3
 Slow                     Hex            32%        N/A       11%         1
 Blink                    Tloc           16%        N/A       16%         2
 Lesser Beckoning         Tloc           16%        N/A       16%         2
 Confusing Touch          Hex            8%         N/A       32%         3
 Gell's Gravitas          Tloc           8%         N/A       32%         3
 Teleport Other           Tloc           8%         N/A       32%         3
 Vampiric Draining        Necr           8%         2d6       32%         3
 Lee's Rapid Deconstruct  Erth           4%         3d5*      56%         5
 Summon Lightning Spire   Summ/Air       8%         N/A       71%         4
 Dispersal                Tloc           4%         N/A       100%        6
 Lehudib's Crystal Spear  Conj/Erth      19%        10d6      100%        8
 Animate Armour           Summ/Erth      Unusable   N/A       N/A         4

Dungeon Overview and Level Annotations

Branches:
Dungeon (13/15)            Temple (1/1) D:5            Lair (0/5) D:11
    Orc (1/2) D:11         Bailey (visited)
 Vaults: D:13-14

Altars:
Ashenzari
Cheibriados
Dithmenos
Elyvilon
Fedhas
Gozag
Hepliaklqana
Kikubaaqudgha
Makhleb
Nemelex Xobeh
Okawaru
Qazlal
Ru
Sif Muna
Trog
Uskayaw
Vehumet
Wu Jian
Xom
Yredelemnul
Zin
The Shining One

Shops:
D:10 :

Portals:
Trove: D:10 (give horn of Geryon)

Annotations:
D:10 Izden's ghost, novice MiFi
D:11 2 runed translucent doors, exclusion: 2 oklob plants, lis82's ghost, journeyman DgHW


Innate Abilities, Weirdness & Mutations

You can breathe wild blasts of lightning.
Your glossy black scales are hard. (AC +8)
You cannot fit into any form of body armour.
You are resistant to electric shocks. (rElec)
You are cold-blooded and may be slowed by cold attacks.


Message History

The searing ray hits the efreet but does no damage.
The efreet is almost dead.
The searing ray hits the hell knight but does no damage.
The hell knight is moderately wounded.
The efreet completely misses you. You block the hell knight's attack.
The searing ray hits the efreet but does no damage.
The efreet is almost dead.
The searing ray hits the hell knight!
The hell knight is heavily wounded.
The hell knight prays to its god.
The hell knight seems to speed up.
The efreet gestures at you. The bolt of fire misses you.
Okay, then.
The searing ray hits the efreet!
You kill the efreet!
Vehumet accepts your kill.
The searing ray hits the hell knight!
The hell knight is heavily wounded.
You finish channelling your searing ray.
The hell knight misses you.
The hell knight hits you from afar with a +4 demon trident of flaming!
* * * LOW HITPOINT WARNING * * *
The hell knight burns you.
* * * LOW HITPOINT WARNING * * *
You blink.
You feel better.
You feel better.
The hell knight invokes the aid of its god against you.
The bolt of fire misses you.
The hell knight attacks as it pursues you!
You block the hell knight's attack.
You feel stable enough to blink again.
The hell knight hits you from afar with a +4 demon trident of flaming!!
* * * LOW HITPOINT WARNING * * *
The hell knight burns you.
* * * LOW HITPOINT WARNING * * *
The hell knight attacks as it pursues you!
The hell knight hits you from afar with a +4 demon trident of flaming!!
You die...

################
...............
.#..#..#....#...#
.................
###########........#
#.........#†###..#.#
#.........'<.......#
####.######........#
#@##############
#.......# #p##.####
#.##.# #....#
#....#.#.#
#....#...####
####.#......
#.#....#


You could see a hell knight (fast).

Vanquished Creatures
  Erolcha (D:11)
  2 centaur warriors
  3 two-headed ogres
  A boulder beetle (D:11)
  A skeletal warrior (D:13)
  A wizard (D:11)
  A deep troll (D:9)
  A deep elf pyromancer (D:12)
  An orc sorcerer (D:11)
  An ugly thing (D:12)
  3 manticores
  Joseph (D:8)
  A gargoyle (D:10)
  Psyche (D:8)
  An efreet (D:13)
  A komodo dragon (D:13)
  3 hornets
  4 slime creatures (D:12)
  3 wraiths
  A wyvern (D:9)
  13 yaks
  A golden eye (shapeshifter) (D:13)
  2 steam dragons
  2 vampire mosquitoes (D:11)
  A water moccasin (D:9)
  2 acid dragons
  A hornet zombie (D:6)
  A sky beast (D:7)
  6 orc warriors
  7 ogres
  6 centaurs
  A phantom (D:6)
  Blork the orc (D:4)
  7 kobold brigands
  2 bullfrogs
  A wyvern skeleton (D:6)
  A water moccasin zombie (D:6)
  10 killer bees
  5 howler monkeys
  3 jellies
  2 bullfrog zombies (D:6)
  2 orc priests
  2 hounds
  Crazy Yiuf (D:2)
  3 bullfrog skeletons (D:6)
  Ijyb (D:4)
  Terence (D:2)
  8 orc wizards
  2 sleepcaps (D:6)
  A killer bee zombie (D:6)
  A howler monkey skeleton (D:6)
  5 adders
  A white imp (D:8)
  3 ufetubi (D:6)
  3 worms
  4 dart slugs
  23 orcs
  3 endoplasms
  5 giant cockroaches
  6 hobgoblins
  4 quokkas
  6 ball pythons
  5 bats
  6 frilled lizards
  9 goblins
  19 kobolds
  3 rats
234 creatures vanquished.

Vanquished Creatures (others)
  A kobold brigand (Bailey)
  A killer bee (D:8)
2 creatures vanquished.

Grand Total: 236 creatures vanquished

Notes
Turn   | Place    | Note
-------+----------+-------------------------------------------
     0 | D:1      | Essalna the Draconian Conjurer began the quest for the Orb.
     0 | D:1      | Reached XP level 1. HP: 14/14 MP: 3/3
   224 | D:1      | Reached XP level 2. HP: 22/22 MP: 3/5
   249 | D:1      | Reached skill level 1 in Fighting
   988 | D:2      | Reached XP level 3. HP: 28/28 MP: 2/6
  1243 | D:2      | Reached skill level 2 in Fighting
  1351 | D:2      | Noticed Terence
  1365 | D:2      | Killed Terence
  1366 | D:2      | Reached XP level 4. HP: 34/36 MP: 3/8
  1632 | D:2      | Found a runed translucent door.
  1633 | D:2      | Noticed Crazy Yiuf
  2416 | D:3      | Found a faded altar of an unknown god.
  2496 | D:3      | Found a shadowy altar of Dithmenos.
  2565 | D:3      | Found a stormy altar of Qazlal.
  2629 | D:3      | Identified the amulet "Desoek" {Reflect +Blink Dex+3 SH+5}
  3109 | D:4      | Reached XP level 5. HP: 40/44 MP: 9/9
  3422 | D:4      | Noticed Blork the orc
  3433 | D:4      | Killed Blork the orc
  3434 | D:4      | Reached skill level 3 in Fighting
  3434 | D:4      | Reached skill level 5 in Conjurations
  3614 | D:4      | Learned a level 2 spell: Searing Ray
  3866 | D:4      | Reached XP level 6. HP: 52/52 MP: 5/11
  3979 | D:4      | Noticed Ijyb
  3999 | D:4      | Killed Ijyb
  4260 | D:5      | Entered Level 5 of the Dungeon
  4396 | D:2      | Killed Crazy Yiuf
  4605 | D:5      | Reached skill level 4 in Fighting
  4845 | D:5      | Your scales start taking on a glossy black colour.
  4845 | D:5      | Reached XP level 7. HP: 60/60 MP: 5/13
  4845 | D:5      | Gained mutation: You are resistant to electric shocks.
                  | (rElec) [Black Draconian growth]
  5238 | D:5      | Reached skill level 1 in Shields
  5328 | D:5      | Found a staircase to the Ecumenical Temple.
  5393 | Temple   | Entered the Ecumenical Temple
  5419 | Temple   | Became a worshipper of Vehumet
  5611 | D:6      | Found a basalt altar of Yredelemnul.
  5724 | D:6      | Reached skill level 5 in Fighting
  5888 | D:6      | Found a burning altar of Makhleb.
  5901 | D:6      | Reached skill level 5 in Spellcasting
  5915 | D:6      | Reached XP level 8. HP: 62/68 MP: 9/15
  6457 | D:6      | Reached skill level 6 in Fighting
  6649 | D:6      | Found a large runed translucent door.
  6650 | D:6      | Found a large runed translucent door.
  6817 | D:6      | Found a snail-covered altar of Cheibriados.
  6857 | D:6      | Found an ornate altar of the Wu Jian Council.
  7598 | D:7      | Reached XP level 9. HP: 61/78 MP: 10/18
  7603 | D:7      | Reached skill level 7 in Fighting
  8367 | D:8      | Paralysed by a hornet for 1 turns
  8457 | D:8      | Noticed Psyche
  8466 | D:8      | Reached * piety under Vehumet
  8466 | D:8      | Offered knowledge of Sandblast by Vehumet.
  8473 | D:8      | Killed Psyche
  8474 | D:8      | Reached skill level 8 in Fighting
  8916 | D:8      | Found an opulent altar of Gozag.
  8966 | D:8      | Noticed Joseph
  8995 | D:8      | Killed Joseph
  9309 | D:9      | Reached skill level 9 in Fighting
  9357 | D:9      | Reached XP level 10. HP: 84/91 MP: 15/20
  9786 | D:9      | Found a sparkling altar of Nemelex Xobeh.
 10126 | D:9      | Found a runed translucent door.
 10160 | D:9      | Noticed Izden's ghost (novice MiFi)
 10160 | D:9      | Noticed a deep troll
 10386 | D:10     | Entered Level 10 of the Dungeon
 10386 | D:10     | Found a flagged portal.
 10427 | D:9      | Reached skill level 10 in Conjurations
 10430 | D:9      | Reached skill level 10 in Fighting
 10435 | D:10     | Noticed a centaur warrior
 10469 | D:9      | Killed a centaur warrior
 10495 | D:10     | Noticed a two-headed ogre
 10573 | D:10     | Reached ** piety under Vehumet
 10586 | Bailey   | Entered a bailey
 10715 | Bailey   | Offered knowledge of Kiss of Death by Vehumet.
 10868 | Bailey   | Reached skill level 11 in Fighting
 11134 | Bailey   | Found a burning altar of Makhleb.
 11201 | D:10     | Found Wunileo's Book Shop.
 11231 | D:10     | Noticed a two-headed ogre
 11238 | D:10     | Killed a two-headed ogre
 11294 | D:10     | Found a portal to a secret trove of treasure.
 11320 | D:10     | Noticed a gargoyle
 11347 | D:10     | Reached XP level 11. HP: 70/102 MP: 12/21
 11404 | D:10     | Killed a two-headed ogre
 11924 | D:11     | Noticed a wizard
 12012 | D:11     | Noticed a two-headed ogre
 12015 | D:11     | Reached skill level 12 in Fighting
 12022 | D:11     | Killed a two-headed ogre
 12052 | Abyss:3  | Cast into level 3 of the Abyss (a wizard)
 12073 | D:11     | Escaped the Abyss
 12080 | D:11     | Killed a wizard
 12478 | D:11     | Noticed an oklob plant
 12517 | D:11     | Found a runed translucent door.
 12517 | D:11     | Noticed a yaktaur captain
 12518 | D:11     | Found a runed translucent door.
 12518 | D:11     | Noticed a lich
 12519 | D:11     | Noticed a yaktaur captain
 12519 | D:11     | Noticed lis82's ghost (journeyman DgHW)
 12520 | D:11     | Noticed a skeletal warrior
 12520 | D:11     | Noticed an ogre mage
 12522 | D:11     | Noticed a skeletal warrior
 12524 | D:11     | Noticed a necromancer
 12562 | D:11     | Found a staircase to the Lair.
 12562 | D:11     | Noticed an oklob plant
 12732 | D:11     | Noticed Erolcha
 12745 | D:11     | Killed Erolcha
 12834 | D:11     | Found a staircase to the Orcish Mines.
 13296 | Orc:1    | Entered Level 1 of the Orcish Mines
 13298 | Orc:1    | Noticed an orc sorcerer
 13302 | Orc:1    | Paralysed by an orc sorcerer for 3 turns
 13423 | D:11     | Killed an orc sorcerer
 13423 | D:11     | Offered knowledge of Volatile Blastmotes by Vehumet.
 13425 | D:11     | Reached skill level 13 in Fighting
 13635 | Orc:1    | Noticed a boulder beetle
 13778 | D:11     | Killed a boulder beetle
 13997 | D:12     | Noticed a deep elf pyromancer
 14008 | D:12     | Killed a deep elf pyromancer
 14121 | D:12     | Reached *** piety under Vehumet
 14320 | D:12     | Noticed a centaur warrior
 14323 | D:12     | Noticed a green ugly thing
 14552 | D:12     | Killed a green ugly thing
 14568 | D:12     | Learned a level 4 spell: Flame Wave
 14582 | D:12     | Killed a centaur warrior
 14583 | D:12     | Reached skill level 1 in Fire Magic
 14745 | D:12     | Reached XP level 12. HP: 87/115 MP: 14/22
 15231 | D:13     | Noticed a yaktaur captain
 15260 | D:13     | Noticed a tengu warrior
 15504 | D:9      | Identified the ring "Zesmu" {Int+6 SInv}
 15838 | D:13     | Reached skill level 14 in Fighting
 15985 | D:13     | HP: 5/117 [hell knight/+4 demon trident of flaming (23)]
 15985 | D:13     | HP: 2/117 [hell knight/+4 demon trident of flaming (3)]
 15987 | D:13     | Demolished by a hell knight

Illustrated notes

Levels and vault maps discovered:
D:1:      evilmike_arrival_rings, layout_basic
D:2:      layout_basic, uniq_crazy_yiuf_cottage, uniq_terence
D:3:      layout_basic, mainiacjoe_overflow_boulevard,
          nicolae_qazlal_general_emergency,
          shapermc_ecumenical_altar_mp_urbaneastern
D:4:      layout_gridville, uniq_ijyb, uniq_blork_the_orc
D:5:      layout_gridville, temple_hall, minmay_strange_pillars, st_stairs_8,
          uniq_prince_ribbit1
D:6:      layout_basic, nicolae_overflow_crystal_walls, jmf_multi_god_temple2,
          overflow_temple_1_default, serial_undead, serial_undead_a,
          serial_undead_f, serial_undead_b, serial_undead_d, serial_undead_f
D:7:      cheibrodos_quashed, layout_gridville
D:8:      layout_basic, nicolae_gozag_cash_rules_everything_around_me,
          uniq_joseph, uniq_psyche
D:9:      layout_basic, kennysheep_mini_moat, ebering_ghost_inner_flame
D:10:     layout_roguey, serial_shops, nicolae_shop_tiny_waterfront,
          enter_bailey_2, nicolae_trove_entry_crystal
D:11:     layout_loops_cross, dpeg_oklobed_lair, orc_0_dummy,
          muffindrake_ghost_dual_entry, pdpol_wu_jian_five_deadly_venoms,
          uniq_erolcha
D:12:     layout_basic
D:13:     layout_stronghold, minmay_checkered_concentric_circles
Temple:   minmay_temple_curvy_branch
Orc:1:    layout_diamond_mine, rock_pile, uniq_harold

Skill      XL: |  1  2  3  4  5  6  7  8  9 10 11 12 |
---------------+-------------------------------------+-----
Fighting       | 1 2 3 4 5 6 9 11 13 14 | 14.0
Spellcasting   | 3 4 5 6 7 |  7.0
Conjurations   | 5 6 7 9 11 13 | 13.0
Shields        | 2 4 |  4.0
Fire Magic     | 1 3 |  3.6
Dodging        | 2 |  2.9
Stealth        | |  1.7

Action                     |  1- 3 |  4- 6 |  7- 9 | 10-12 || total
---------------------------+-------+-------+-------+-------++-------
  Melee: Dagger            |    30 |    45 |   102 |    48 ||   225
         Tailslap          |     5 |     5 |    16 |    12 ||    38
         Staff             |       |       |       |    27 ||    27
   Cast: Magic Dart        |    55 |    72 |    74 |   131 ||   332
         Searing Ray       |       |     6 |    32 |   103 ||   141
Ability: Breathe Lightning |       |       |     9 |     2 ||    11
         Evoke Blink       |       |       |       |     1 ||     1
  Evoke: Wand              |       |       |       |     5 ||     5
    Use: Potion            |       |       |       |     4 ||     4
         Scroll            |       |       |       |     2 ||     2
 Armour: Skin              |     7 |    13 |    25 |    37 ||    82
  Dodge: Dodged            |    22 |    25 |   106 |   243 ||   396
  Block: Other             |       |     6 |       |       ||     6
         Buckler           |       |     1 |    83 |   152 ||   236
         Reflection        |       |       |       |    20 ||    20

Table legend: (Time is in decaauts)
 A = Elapsed time spent in this place.
 B = Non-inter-level travel time spent in this place.
 C = Inter-level travel time spent in this place.
 D = Time resting spent in this place.
 E = Time spent auto-exploring this place.
 F = Levels seen in this place.
 G = Mean time per level.
                   A        B        C        D        E       F      G
               +--------+--------+--------+--------+--------+-----+--------+
         Total |  16030 |  14880 |   1150 |    465 |  12076 |  17 |  942.9 |
       Dungeon |  15338 |  14237 |   1101 |    465 |  11679 |  13 | 1179.8 |
        Temple |     51 |      2 |     49 |      0 |      0 |   1 |   51.0 |
  Orcish Mines |     47 |     47 |      0 |      0 |      0 |   1 |   47.0 |
         Abyss |     20 |     20 |      0 |      0 |      0 |   1 |   20.0 |
        Bailey |    573 |    573 |      0 |      0 |    397 |   1 |  573.0 |
               +--------+--------+--------+--------+--------+-----+--------+

Top non-repeatable levels by time:
    D:11: 2237 daAuts
     D:6: 1586 daAuts
     D:2: 1523 daAuts
     D:9: 1376 daAuts
     D:7: 1249 daAuts
    D:12: 1230 daAuts
     D:4: 1203 daAuts
     D:5: 959 daAuts
     D:8: 955 daAuts
     D:1: 953 daAuts
    D:10: 941 daAuts
     D:3: 795 daAuts
  Bailey: 573 daAuts
    D:13: 326 daAuts
  Temple: 51 daAuts
